PL
CHICAGO GOLD SOX @ LOUISVILLE BC
09/01/2023
 
TOP OF THE 1ST
Chicago Gold Sox batting - Pitching for Louisville BC : RHP Joe Crown
Pitching: RHP Joe Crown
Batting: LHB Noel Ballard 0-0: Reached on error, E6 (Groundball, 6MS)
Batting: LHB Melvin Castro 0-0: Ball
1-0: Foul Ball, location: 2F
1-1: Called Strike
1-2: Ball
2-2: Ball
3-2: Foul Ball, location: 2F
3-2: 2-RUN HOME RUN (Flyball, 9D), Distance : 386 ft
Batting: LHB Michael Neely 0-0: Ball
1-0: Ball
2-0: Ball
3-0: Base on Balls
Batting: LHB William Wise 0-0: Ball
1-0: Ball
2-0: Called Strike
2-1: Ball
3-1: Base on Balls
Michael Neely to second
Batting: RHB Rod Jones 0-0: Ball
1-0: Ball
2-0: Called Strike
2-1: Foul Ball, location: 2F
2-2: Ball
3-2: SINGLE (Groundball, 56D) (infield hit)
Michael Neely to third
William Wise to second
Batting: RHB Tyrone Scott 0-0: Swinging Strike
0-1: Ball
1-1: Called Strike
1-2: Ball
2-2: Ball
3-2: Fly out, F9 (Flyball, 9S)
Batting: LHB Sam Good 0-0: Ball
1-0: Ball
2-0: Called Strike
2-1: Grounds into double play, 4-6-3 (Groundball, 4)
Top of the 1st over - 2 run(s), 2 hit(s), 1 error(s), 2 left on base; Chicago 2 - Louisville 0
BOTTOM OF THE 1ST
Louisville BC batting - Pitching for Chicago Gold Sox : RHP Ralph McKinney
Pitching: RHP Ralph McKinney
Batting: LHB Carroll Martin 0-0: Bunt for hit - play at first, batter OUT! 1-3
Batting: RHB José López 0-0: Fly out, F6 (Line Drive, 6M)
Now at SS: Marcus Wade
Batting: RHB Andrés Rodríguez 0-0: Foul Ball, location: 2F
0-1: Ground out 3-1 (Groundball, 34)
Bottom of the 1st over - 0 run(s), 0 hit(s), 0 error(s), 0 left on base; Chicago 2 - Louisville 0
TOP OF THE 2ND
Chicago Gold Sox batting - Pitching for Louisville BC : RHP Joe Crown
Batting: LHB Eddie Flynn 0-0: Called Strike
0-1: Ball
1-1: Ball
2-1: SINGLE (Line Drive, 34)
Batting: RHB David Edwards 0-0: Called Strike
0-1: Foul Ball, location: 2F
0-2: Ball
Wild Pitch!
Eddie Flynn to second
1-2: Strikes out swinging
Batting: LHB Noel Ballard 0-0: Ball
1-0: Ball
2-0: Called Strike
2-1: Ball
3-1: Base on Balls
Batting: LHB Melvin Castro 0-0: SINGLE (Groundball, 4)
Eddie Flynn to third
Noel Ballard to second
Runner from 3rd tries for Home, throw and OUT!
Batting: LHB Michael Neely 0-0: Foul Ball, location: 2F
0-1: Ball
1-1: Ball
2-1: Fly out, F8 (Flyball, 8RD)
Top of the 2nd over - 0 run(s), 2 hit(s), 0 error(s), 2 left on base; Chicago 2 - Louisville 0
BOTTOM OF THE 2ND
Louisville BC batting - Pitching for Chicago Gold Sox : RHP Ralph McKinney
Batting: RHB Chi-ju Zhang 0-0: Fly out, F8 (Flyball, 89D)
Batting: LHB Tim Hargrove 0-0: Ball
1-0: Called Strike
1-1: Foul Ball, location: 2F
1-2: Foul Ball, location: 2F
1-2: Fly out, F6 (Line Drive, 6)
Batting: RHB José Lozano 0-0: Called Strike
0-1: Ball
1-1: Fly out, F8 (Flyball, 8RM)
Bottom of the 2nd over - 0 run(s), 0 hit(s), 0 error(s), 0 left on base; Chicago 2 - Louisville 0
TOP OF THE 3RD
Chicago Gold Sox batting - Pitching for Louisville BC : RHP Joe Crown
Batting: LHB William Wise 0-0: SINGLE (Groundball, 4MD) (infield hit)
Batting: RHB Rod Jones 0-0: Ball
1-0: Grounds into double play, U6-3 (Groundball, 6M)
Batting: RHB Marcus Wade 0-0: Called Strike
0-1: Hit by Pitch
Batting: LHB Sam Good 0-0: Ball
Pickoff Throw by Catcher to First - Error! E2
Marcus Wade to second
1-0: Foul Ball, location: 2F
1-1: Ball
2-1: Ball
3-1: Foul Ball, location: 2F
3-2: Base on Balls
Batting: LHB Eddie Flynn 0-0: Called Strike
0-1: Reached on error, E5 (Groundball, 5)
Marcus Wade scores
Sam Good to third
Batting: RHB David Edwards 0-0: Ball
1-0: Ball
2-0: Ball
3-0: Called Strike
3-1: Swinging Strike
3-2: Base on Balls
Batting: LHB Noel Ballard 0-0: Foul Ball, location: 2F
0-1: Ball
1-1: Ball
2-1: Ball
3-1: Base on Balls
Sam Good scores
Eddie Flynn to third
David Edwards to second
Batting: LHB Melvin Castro 0-0: Ground out 3-1 (Groundball, 34)
Top of the 3rd over - 2 run(s), 1 hit(s), 2 error(s), 3 left on base; Chicago 4 - Louisville 0
BOTTOM OF THE 3RD
Louisville BC batting - Pitching for Chicago Gold Sox : RHP Ralph McKinney
Batting: LHB Joram Nelen 0-0: Ball
1-0: Fly out, F4 (Popup, 4MD)
Batting: SHB Chris Williamson 0-0: Foul Ball, location: 2F
0-1: Ball
1-1: Called Strike
1-2: Strikes out swinging
Batting: LHB Arturo Acevedo 0-0: Ground out 6-3 (Groundball, 6M)
Bottom of the 3rd over - 0 run(s), 0 hit(s), 0 error(s), 0 left on base; Chicago 4 - Louisville 0
TOP OF THE 4TH
Chicago Gold Sox batting - Pitching for Louisville BC : RHP Joe Crown
Batting: LHB Michael Neely 0-0: Foul Ball, location: 2F
0-1: Foul Ball, location: 2F
0-2: Ball
1-2: Ball
2-2: Ball
3-2: Ground out U3 (Groundball, 3S)
Batting: LHB William Wise 0-0: Ball
1-0: Ball
2-0: Ball
3-0: SINGLE (Line Drive, 6M)
Batting: RHB Rod Jones 0-0: Ball
1-0: Foul Ball, location: 2F
1-1: Ball
2-1: Ball
3-1: Ground out 4-3 (Groundball, 4M)
William Wise to second
Batting: RHB Marcus Wade 0-0: Called Strike
0-1: Foul Ball, location: 2F
0-2: Foul Ball, location: 2F
0-2: Ball
1-2: Strikes out swinging
Top of the 4th over - 0 run(s), 1 hit(s), 0 error(s), 1 left on base; Chicago 4 - Louisville 0
BOTTOM OF THE 4TH
Louisville BC batting - Pitching for Chicago Gold Sox : RHP Ralph McKinney
Batting: LHB Carroll Martin 0-0: Foul Ball, location: 2F
0-1: Bunt for hit - play at first, batter OUT! 3-4
Batting: RHB José López 0-0: Ball
1-0: Foul Ball, location: 2F
1-1: Ball
2-1: SINGLE (Groundball, 56D)
Batting: RHB Andrés Rodríguez 0-0: Called Strike
0-1: Ball
1-1: Ball
2-1: Foul Ball, location: 2F
2-2: Foul Ball, location: 2F
2-2: Ball
3-2: Foul Ball, location: 2F
3-2: Foul Ball, location: 2F
3-2: Fielders Choice at 2nd, 6-4 (Groundball, 6)
Batting: RHB Chi-ju Zhang 0-0: Ball
Andrés Rodríguez steals 2nd base
1-0: Fly out, F9 (Flyball, 89S)
Bottom of the 4th over - 0 run(s), 1 hit(s), 0 error(s), 1 left on base; Chicago 4 - Louisville 0
TOP OF THE 5TH
Chicago Gold Sox batting - Pitching for Louisville BC : RHP Joe Crown
Batting: LHB Sam Good 0-0: Foul Ball, location: 2F
0-1: Foul Ball, location: 2F
0-2: Ball
1-2: Ball
2-2: Foul Ball, location: 2F
2-2: Foul Ball, location: 2F
2-2: Strikes out swinging
Batting: LHB Eddie Flynn 0-0: Ball
1-0: Foul Ball, location: 2F
1-1: Ball
2-1: Foul Ball, location: 2F
2-2: Ball
3-2: Strikes out swinging
Batting: RHB David Edwards 0-0: Ball
1-0: Fly out, F7 (Line Drive, 78S)
Top of the 5th over - 0 run(s), 0 hit(s), 0 error(s), 0 left on base; Chicago 4 - Louisville 0
BOTTOM OF THE 5TH
Louisville BC batting - Pitching for Chicago Gold Sox : RHP Ralph McKinney
Batting: LHB Tim Hargrove 0-0: Ball
1-0: Foul Ball, location: 2F
1-1: Swinging Strike
1-2: Foul Ball, location: 2F
1-2: Strikes out looking
Batting: RHB José Lozano 0-0: Called Strike
0-1: Fly out, F2 (Popup, 2RF)
Batting: LHB Joram Nelen 0-0: Foul Ball, location: 2F
0-1: Ball
1-1: SINGLE (Line Drive, 9LS)
Batting: SHB Chris Williamson 0-0: Called Strike
0-1: DOUBLE (Flyball, 8RXD)
Joram Nelen to third
Batting: LHB Arturo Acevedo 0-0: Ball
Wild Pitch!
Joram Nelen scores
Chris Williamson to third
1-0: Called Strike
1-1: Fly out, F5 (Popup, 5F)
Bottom of the 5th over - 1 run(s), 2 hit(s), 0 error(s), 1 left on base; Chicago 4 - Louisville 1
TOP OF THE 6TH
Chicago Gold Sox batting - Pitching for Louisville BC : RHP Joe Crown
Batting: LHB Noel Ballard 0-0: Ball
1-0: Fly out, F9 (Flyball, 9S)
Batting: LHB Melvin Castro 0-0: Ball
1-0: Ball
2-0: Ball
3-0: Base on Balls
Pitching: RHP William Waters
Batting: LHB Michael Neely 0-0: Called Strike
0-1: 2-RUN HOME RUN (Flyball, 89XD), Distance : 394 ft
Batting: LHB William Wise 0-0: Ball
1-0: Fly out, F8 (Flyball, 8RD)
Batting: RHB Rod Jones 0-0: SINGLE (Line Drive, 56)
Batting: RHB Marcus Wade 0-0: SINGLE (Groundball, 6MD)
Rod Jones to second
Runner from 2nd tries for 3rd, SAFE, no throw or cutoff
Batting: LHB Sam Good 0-0: Ball
1-0: Ball
2-0: Fly out, F9 (Line Drive, 89M)
Top of the 6th over - 2 run(s), 3 hit(s), 0 error(s), 2 left on base; Chicago 6 - Louisville 1
BOTTOM OF THE 6TH
Louisville BC batting - Pitching for Chicago Gold Sox : RHP Ralph McKinney
Batting: LHB Carroll Martin 0-0: Called Strike
0-1: Ball
1-1: Foul Ball, location: 2F
1-2: Ball
2-2: Strikes out swinging
Batting: RHB José López 0-0: SINGLE (Groundball, 56D)
Batting: RHB Andrés Rodríguez 0-0: Called Strike
0-1: 2-RUN HOME RUN (Flyball, 78XD), Distance : 414 ft
Batting: RHB Chi-ju Zhang 0-0: Ground out 5-3 (Groundball, 56)
Batting: LHB Tim Hargrove 0-0: Called Strike
0-1: Ball
1-1: Ball
2-1: Foul Ball, location: 2F
2-2: Foul Ball, location: 2F
2-2: Foul Ball, location: 2F
2-2: Strikes out swinging
Bottom of the 6th over - 2 run(s), 2 hit(s), 0 error(s), 0 left on base; Chicago 6 - Louisville 3
TOP OF THE 7TH
Chicago Gold Sox batting - Pitching for Louisville BC : RHP William Waters
Batting: LHB Eddie Flynn 0-0: Ground out 3-1 (Groundball, 34S)
Batting: RHB David Edwards 0-0: Foul Ball, location: 2F
0-1: Called Strike
0-2: Ball
1-2: SINGLE (Groundball, 4M)
Batting: LHB Noel Ballard 0-0: Foul Ball, location: 2F
0-1: Ball
1-1: Ball
2-1: Fly out, F7 (Flyball, 7LM)
Batting: LHB Melvin Castro 0-0: 2-RUN HOME RUN (Flyball, 9LD), Distance : 368 ft
Batting: LHB Michael Neely 0-0: Swinging Strike
0-1: Ball
1-1: Ball
2-1: Called Strike
2-2: SOLO HOME RUN (Flyball, 89XD), Distance : 413 ft
Batting: LHB William Wise 0-0: Called Strike
0-1: Ball
1-1: Ball
2-1: Ball
3-1: Base on Balls
Pitching: LHP Wilson Castillo
Batting: RHB Rod Jones 0-0: SINGLE (Flyball, 7LS)
William Wise to second
Batting: RHB Marcus Wade 0-0: Foul Ball, location: 2F
0-1: Foul Ball, location: 2F
0-2: Foul Ball, location: 2F
0-2: Ball
Passed Ball!
William Wise to third
Rod Jones to second
1-2: Strikes out swinging
Top of the 7th over - 3 run(s), 4 hit(s), 0 error(s), 2 left on base; Chicago 9 - Louisville 3
BOTTOM OF THE 7TH
Louisville BC batting - Pitching for Chicago Gold Sox : RHP Ralph McKinney
Batting: RHB José Lozano 0-0: Ball
1-0: Ball
2-0: Foul Ball, location: 2F
2-1: Fly out, F9 (Flyball, 9LD)
Batting: LHB Joram Nelen 0-0: Ball
1-0: DOUBLE (Flyball, 78D)
Pitching: RHP Michael Battle
Batting: SHB Chris Williamson 0-0: Ball
1-0: Called Strike
1-1: Foul Ball, location: 2F
1-2: Fly out, F5 (Popup, 5DF)
Batting: LHB Arturo Acevedo 0-0: Ball
1-0: Swinging Strike
1-1: Ball
2-1: Ball
3-1: Foul Ball, location: 2F
3-2: Base on Balls
Batting: LHB Carroll Martin 0-0: Ground out 5-3 (Groundball, 5S)
Bottom of the 7th over - 0 run(s), 1 hit(s), 0 error(s), 2 left on base; Chicago 9 - Louisville 3
TOP OF THE 8TH
Chicago Gold Sox batting - Pitching for Louisville BC : LHP Wilson Castillo
Batting: LHB Sam Good 0-0: Called Strike
0-1: Fly out, F8 (Flyball, 8LS)
Batting: LHB Eddie Flynn 0-0: Ball
1-0: Fly out, F8 (Flyball, 8RD)
Batting: RHB David Edwards 0-0: Called Strike
0-1: Ball
1-1: Ball
2-1: Foul Ball, location: 2F
2-2: Ball
3-2: Base on Balls
Batting: LHB Noel Ballard 0-0: Ball
1-0: Foul Ball, location: 2F
1-1: Fly out, F8 (Flyball, 8LM)
Top of the 8th over - 0 run(s), 0 hit(s), 0 error(s), 1 left on base; Chicago 9 - Louisville 3
BOTTOM OF THE 8TH
Louisville BC batting - Pitching for Chicago Gold Sox : RHP Michael Battle
Batting: RHB José López 0-0: Fly out, F8 (Flyball, 78XD)
Batting: RHB Andrés Rodríguez 0-0: Foul Ball, location: 2F
0-1: Ball
1-1: SINGLE (Groundball, 6MD)
Batting: RHB Chi-ju Zhang 0-0: Called Strike
0-1: Foul Ball, location: 2F
0-2: Ball
1-2: Ball
2-2: Foul Ball, location: 2F
2-2: Strikes out swinging
Batting: LHB Tim Hargrove 0-0: Called Strike
0-1: Ground out 4-3 (Groundball, 4)
Bottom of the 8th over - 0 run(s), 1 hit(s), 0 error(s), 1 left on base; Chicago 9 - Louisville 3
TOP OF THE 9TH
Chicago Gold Sox batting - Pitching for Louisville BC : LHP Wilson Castillo
Batting: LHB Melvin Castro 0-0: Ball
1-0: Ball
2-0: Called Strike
2-1: Foul Ball, location: 2F
2-2: Foul Ball, location: 2F
2-2: Foul Ball, location: 2F
2-2: Ball
3-2: Base on Balls
Batting: LHB Michael Neely 0-0: Ball
1-0: Ball
2-0: Ball
Wild Pitch!
Melvin Castro to second
3-0: Called Strike
3-1: Base on Balls
Batting: LHB William Wise 0-0: Called Strike
0-1: Ball
1-1: SINGLE (Line Drive, 4D)
Melvin Castro to third
Michael Neely to second
Batting: RHB Rod Jones 0-0: Foul Ball, location: 2F
0-1: Swinging Strike
0-2: Strikes out swinging
Batting: RHB Marcus Wade 0-0: Called Strike
0-1: SINGLE (Groundball, 6D)
Melvin Castro scores
Michael Neely to third
William Wise to second
Runner from 3rd tries for Home, SAFE, no throw or cutoff
Batting: LHB Sam Good 0-0: Ball
1-0: Called Strike
1-1: Grounds into double play, U4-3 (Groundball, 4)
Top of the 9th over - 2 run(s), 2 hit(s), 0 error(s), 1 left on base; Chicago 11 - Louisville 3
BOTTOM OF THE 9TH
Louisville BC batting - Pitching for Chicago Gold Sox : RHP Michael Battle
Batting: RHB José Lozano 0-0: Ball
1-0: Ground out 4-3 (Groundball, 4M)
Batting: LHB Joram Nelen 0-0: Ground out U3 (Groundball, 3L)
Batting: SHB Chris Williamson 0-0: Called Strike
0-1: Reached on error, E4 (Groundball, 4)
Batting: LHB Arturo Acevedo 0-0: Ball
1-0: Ball
2-0: Called Strike
2-1: Swinging Strike
2-2: Ball
3-2: Foul Ball, location: 2F
3-2: Foul Ball, location: 2F
3-2: Strikes out swinging
Bottom of the 9th over - 0 run(s), 0 hit(s), 1 error(s), 1 left on base; Chicago 11 - Louisville 3
This league is powered by Out of the Park Baseball, the baseball management simulation game for PC, Mac and Linux
Friday, July 8th, 2016 - OOTP Baseball 16.9 Build 39